 Dungeon Crawl Stone Soup version 0.29.1-14-g9c671dbff4 (webtiles) character file.

Game seed: 5745758544922922549

10 croobank the Chiller (level 2, -1/19 HPs)
             Began as a Demonspawn Ice Elementalist on Feb 16, 2023.
             Frozen to death by an endoplasm (2 damage)
             ... on level 1 of the Dungeon.
             The game lasted 00:01:30 (583 turns).

croobank the Chiller (Demonspawn Ice Elementalist)   Turns: 583, Time: 00:01:30

Health: -1/19      AC:  2    Str:  8    XL:     2   Next: 10%
Magic:  2/5        EV: 12    Int: 16    God:
Gold:   3          SH:  0    Dex: 13    Spells: 4/5 levels left

rFire   . . .      SeeInvis .   (no weapon)
rCold   . . .      Faith    .   (no shield)
rNeg    . . .      Spirit   .   a - +0 robe
rPois   .          Reflect  .   (no helmet)
rElec   .          Harm     .   (no cloak)
rCorr   .          Rampage  .   (no gloves)
Will    .....                   (no boots)
Stlth   ++........              (no amulet)
HPRegen 0.06/turn               e - ring of wizardry
MPRegen 0.09/turn               (no ring)

@: no status effects
A: claws 1
a: no special abilities


You were on level 1 of the Dungeon.
You visited 1 branch of the dungeon, and saw 1 of its levels.

You collected 3 gold pieces.

Inventory:

Hand Weapons
 f - a +0 long sword
Armour
 a - a +0 robe (worn)
Jewellery
 e - a ring of wizardry (left claw)
Scrolls
 c - a scroll of teleportation {unknown}
Potions
 d - a potion of mutation {unknown}


   Skills:
 + Level 0.1 Fighting
 + Level 2.0 Dodging
 + Level 2.0 Stealth
 + Level 2.1 Spellcasting
 + Level 3.7 Ice Magic


You had 4 spell levels left.
You knew the following spells:

 Your Spells              Type           Power      Damage    Failure   Level
a - Freeze                Ice            52%        1d7       1%          1

Your spell library contained the following spells:

 Spells                   Type           Power      Damage    Failure   Level
 Frozen Ramparts          Ice            26%        1d4       5%          3
 Ozocubu's Armour         Ice            13%        N/A       5%          3
 Hailstorm                Conj/Ice       7%         3d4       34%         4
 Ice Form                 Ice/Tmut       7%         N/A       34%         4
 Summon Ice Beast         Ice/Summ       7%         N/A       34%         4


Dungeon Overview and Level Annotations

Branches:
Dungeon (1/15)

Altars:


Innate Abilities, Weirdness & Mutations

You have sharp fingernails.


Message History

The ball python closely misses you. The ball python misses you.
The hobgoblin hits you.
Casting: Freeze (safe; 1% risk of failure)
Confirm with . or Enter, or press ? or * to list all spells.
Aiming: Freeze (safe; 1% risk of failure)
Press: ? - help, Shift-Dir - straight line, f - ball python
Aim: a ball python You freeze the ball python.
You kill the ball python!
Magic courses through your body. The hobgoblin hits you.
Casting: Freeze (safe; 1% risk of failure)
Confirm with . or Enter, or press ? or * to list all spells.
Aiming: Freeze (safe; 1% risk of failure)
Press: ? - help, Shift-Dir - straight line, f - hobgoblin
Aim: a hobgoblin You freeze the hobgoblin.
The hobgoblin is severely wounded.
The hobgoblin closely misses you.
Casting: Freeze (safe; 1% risk of failure)
Confirm with . or Enter, or press ? or * to list all spells.
Aiming: Freeze (safe; 1% risk of failure)
Press: ? - help, Shift-Dir - straight line, f/p - hobgoblin
Aim: a hobgoblin (heavily wounded)
You freeze the hobgoblin.
The hobgoblin is almost dead.
The hobgoblin hits you.
* * * LOW HITPOINT WARNING * * *
The endoplasm freezes you.
You are frozen.
* * * LOW HITPOINT WARNING * * *
Casting: Freeze (safe; 1% risk of failure)
Confirm with . or Enter, or press ? or * to list all spells.
Aiming: Freeze (safe; 1% risk of failure)
Press: ? - help, Shift-Dir - straight line, f/p - hobgoblin
Aim: a hobgoblin (almost dead)
You freeze the hobgoblin!
You kill the hobgoblin!
The endoplasm freezes you.
You are frozen.
You die...

.♣♣♣♣...♣♣.....#
♣♣ ♣.♣♣♣.....##
♣ ♣.♣.....#.#
#.....#
♣♣.♣.†..#.#
.....#
♣♣♣♣...##...#
.....#
♣♣♣....######.#
.... ♣....###
#.## ... ....##
#.>####.# #.
...## ##..@##.#
#.# ..##
#..#†J..# ..##
###
#.......###.#.#
#.....#........
#..............
#........#.....
#.....#..####.#
#........####.#
#######.......#


You could see an endoplasm.

Vanquished Creatures
  A dart slug (D:1)
  An endoplasm (D:1)
  A giant cockroach (D:1)
  A goblin (D:1)
  A hobgoblin (D:1)
  2 ball pythons (D:1)
  A frilled lizard (D:1)
  A rat (D:1)
9 creatures vanquished.

Notes
Turn   | Place    | Note
-------+----------+-------------------------------------------
     0 | D:1      | croobank the Demonspawn Ice Elementalist began the quest
                  | for the Orb.
     0 | D:1      | Reached XP level 1. HP: 13/13 MP: 3/3
   559 | D:1      | Gained mutation: You have sharp fingernails. [demonic
                  | ancestry]
   559 | D:1      | Reached XP level 2. HP: 10/19 MP: 0/5
   583 | D:1      | Frozen to death by an endoplasm

Illustrated notes

Levels and vault maps discovered:
D:1:      kilobyte_arrival_exit_the_forest, layout_loops_cross,
          hellmonk_ecumenical_altar_watching_god, grunt_decor_clamped,
          st_stairs_5, supply_closet_lemuel, serial_bayou_pond_b,
          minmay_pentomino_r2

Skill      XL: |  1 |
---------------+----+-----
Stealth        | 2 |  2.0
Dodging        | 2 |  2.0
Fighting       | |  0.1
Spellcasting   | |  2.1
Ice Magic      | |  3.7

Action                   || total
-------------------------++-------
Melee: Unarmed           ||     3
 Cast: Freeze            ||    16
  Use: Potion            ||     1
Armor: Robe              ||     1
Dodge: Dodged            ||    10
